 Dungeon Crawl Stone Soup version 0.29.1-2-gbd0b4ee654 (console) character file.

Game seed: 11401159722026993655

26760 Goreval the Cleaver (level 13, -11/113 HPs)
             Began as a Palentonga Berserker on Nov 23, 2022.
             Was a High Priest of Trog.
             Mangled by a death yak simulacrum (39 damage)
             ... in an ice cave.
             The game lasted 00:49:41 (18331 turns).

Goreval the Cleaver (Palentonga Berserker)         Turns: 18331, Time: 00:49:42

Health: -11/113    AC: 31    Str: 27    XL:     13   Next: 0%
Magic:  13/13      EV:  8    Int:  7    God:    Trog [*****.]
Gold:   698        SH: 11    Dex: 11    Spells: 12/12 levels left

rFire   . . .      SeeInvis +   a - +1 hand axe (flame)
rCold   . . .      Faith    .   g - +0 buckler
rNeg    + + .      Spirit   .   q - +2 ring mail {rPois}
rPois   +          Reflect  +   f - +2 helmet
rElec   .          Harm     .   e - +1 cloak
rCorr   .          Rampage  .   c - +2 pair of gloves of Miracles {+Blink rN++ Stlth-}
Will    .....                   F - +0 barding
Stlth   ..........              O - amulet of reflection
HPRegen 0.28/turn               (no ring)
MPRegen 0.13/turn               (no ring)

@: studying Fighting, curled up
A: large, rugged brown scales 3, see invisible, deformed body, roll 1, armoured
tail, reflexive curl
a: Rolling Charge, Renounce Religion, Evoke Blink, Berserk, Trog's Hand,
Brothers in Arms


You were in an ice cave.
You worshipped Trog.
Trog was extremely pleased with you.
You visited 2 branches of the dungeon, and saw 15 of its levels.
You also visited: Sewer, Ossuary and Ice Cave.

You collected 698 gold pieces.

Inventory:

Hand Weapons
 a - a +1 hand axe of flaming (weapon)
 b - a +1 hand axe of freezing
 B - a +0 vampiric hand axe
 R - a +3 antimagic falchion
Missiles
 y - 25 poisoned darts
 E - 110 stones (quivered)
 L - 5 throwing nets
Armour
 c - the +2 pair of gloves of Miracles (worn) {+Blink rN++ Stlth-}
   (You found it on level 3 of the Dungeon)

   rN:        It greatly protects you from negative energy.
   +Blink:    It lets you blink.
   Stlth:     It makes you less stealthy.
 e - a +1 cloak (worn)
 f - a +2 helmet (worn)
 g - a +0 buckler (worn)
 q - a +2 ring mail of poison resistance (worn)
 w - a +2 scale mail of cold resistance
 F - a +0 barding (worn)
 H - +0 acid dragon scales
Jewellery
 O - an amulet of reflection (around neck)
Wands
 k - a wand of paralysis (5)
 M - a wand of flame (18)
Scrolls
 h - 6 scrolls of blinking
 l - a scroll of fear
 m - a scroll of silence
 n - 8 scrolls of teleportation
 o - 4 scrolls of magic mapping
 p - 3 scrolls of noise
 s - 2 scrolls of enchant armour
 v - 4 scrolls of enchant weapon
 C - a scroll of vulnerability
 D - 4 scrolls of identify
 J - 2 scrolls of poison
 K - a scroll of immolation
 N - 2 scrolls of fog
Potions
 d - 2 potions of resistance
 i - 4 potions of mutation
 j - 3 potions of flight
 r - 2 potions of haste
 t - a potion of invisibility
 u - 9 potions of curing
 x - a potion of magic
 z - 2 potions of lignification
 A - a potion of attraction
 G - a potion of cancellation
 I - 2 potions of berserk rage
 P - 3 potions of might
 Q - a potion of ambrosia
Miscellaneous
 S - a phantom mirror


   Skills:
 + Level 11.5 Fighting
 * Level 14.1 Axes
 + Level 8.3 Armour
 + Level 4.9 Dodging
 + Level 8.6 Shields


You had 12 spell levels left.
You didn't know any spells.
Your spell library was empty.

Dungeon Overview and Level Annotations

Branches:
Dungeon (12/15) Zot: 26958  Temple (0/1) D:6            Lair (3/5) D:10 Zot: 15116
 Spider (0/4) Lair:2          Orc (0/2) D:9           Sewer (visited)
Ossuary (visited)           IceCv (1/1) Zot: 5988
  Swamp: Lair:2-3    Shoals: Lair:2-3

Altars:
Elyvilon
Fedhas
Nemelex Xobeh
Okawaru
Sif Muna
Uskayaw
Vehumet
Xom


Innate Abilities, Weirdness & Mutations

You are completely covered in rugged brown scales. (AC +3, +7% HP)
You have supernaturally acute eyesight. (SInv)
Armour fits poorly on your strangely shaped body.
You can roll at nearby foes to attack.
You have a long armoured tail.
You curl defensively after being hit. (AC +7*)


Message History

The white imp gestures at you.
The puff of frost reflects off an invisible shield around you!
The puff of frost hits the white imp.
The white imp resists.
You kill the white imp!
Trog accepts your kill.
There is a frozen archway here.
j - 3 potions of flight (gained 1)
You see here a +0 lajatang.
There is a frozen archway here.
The world spins around you as you enter the gateway.
You enter an ice cave!
Found an ice covered gate leading back out of this place.
There is an ice choked empty arch of ancient stone here.
There is an ice covered gate leading back out of this place here.
You block the wolf simulacrum's attack.
You slash the wolf simulacrum!
You melt the wolf simulacrum.
Trog accepts your kill.
You hit the elephant simulacrum.
You melt the elephant simulacrum.
You hit the elephant simulacrum.
You melt the elephant simulacrum.
You slash the polar bear simulacrum!
You melt the polar bear simulacrum.
The elephant simulacrum tramples you but does no damage.
The elephant simulacrum trunk-slaps you but does no damage.
You hit the elephant simulacrum but do no damage.
You hit the polar bear simulacrum but do no damage.
The polar bear simulacrum bites you but does no damage.
The polar bear simulacrum claws you but does no damage.
The polar bear simulacrum claws you. The polar bear simulacrum freezes you!!
You slash the elephant simulacrum!
You melt the elephant simulacrum.
You tail-slap the elephant simulacrum. Trog accepts your kill.
You hit the polar bear simulacrum but do no damage.
You hit the death yak simulacrum.
You melt the death yak simulacrum.
You slash the polar bear simulacrum!
You melt the polar bear simulacrum.
Trog accepts your kill.
You hit the death yak simulacrum but do no damage.
You block the death yak simulacrum's attack.
You hit the death yak simulacrum.
You melt the death yak simulacrum.
You slash the death yak simulacrum!
You melt the death yak simulacrum.
The death yak simulacrum gores you!
* * * LOW HITPOINT WARNING * * *
The death yak simulacrum freezes you!!!
You die...

..##
...##
#...#
##...
#...#
##...##
##.....##
#...∩...#
#..°.Z..#
##..@..##
##...##
#####


You could see a death yak simulacrum.

Vanquished Creatures
  Erolcha (D:11)
  Erica (D:11)
  3 hydras
  A two-headed ogre (D:11)
  5 skeletal warriors (D:11)
  An ugly thing (D:11)
  4 elephants (Lair:1)
  A black mamba (Lair:2)
  A torpor snail (Lair:2)
  3 cane toads
  A kobold demonologist (D:10)
  A rime drake (Lair:2)
  4 polar bears (Lair:1)
  2 trolls
  Grinder (D:3)
  3 blink frogs (Lair:1)
  A vampire (D:10)
  4 culicivoras (Lair:2)
  Sigmund (D:3)
  5 wyverns
  A shadow (D:9)
  A wraith (D:9)
  31 yaks
  Grum (D:11)
  A basilisk (Lair:1)
  4 steam dragons
  An acid dragon (D:9)
  9 water moccasins
  4 orc warriors
  Pargi (Sewer)
  6 ogres
  4 black bears
  8 wolves
  3 centaurs
  A phantom (D:9)
  3 kobold brigands
  5 bullfrogs
  2 elf zombies (Ossuary)
  6 scorpions
  A gnoll sergeant (D:9)
  15 wights
  A troll zombie (D:9)
  An elephant simulacrum (IceCv)
  2 electric eels (Lair:2)
  3 centaur zombies (Ossuary)
  3 hounds
  7 human zombies (Ossuary)
  2 jellies
  9 orc priests
  Crazy Yiuf (D:4)
  6 gnoll boudas
  2 iguanas (D:4)
  Terence (D:2)
  13 orc wizards
  A polar bear simulacrum (IceCv)
  A wolf simulacrum (IceCv)
  7 ogre zombies (D:9)
  3 mummies (Ossuary)
  17 gnolls
  11 adders
  3 river rats (D:4)
  2 shadow imps
  14 white imps
  2 ufetubi (D:6)
  3 worms
  2 dart slugs
  44 orcs
  3 bats
  A bat skeleton (D:2)
  A bat zombie (D:2)
  11 endoplasms
  4 giant cockroaches
  9 goblins
  7 hobgoblins
  4 jackals (D:4)
  7 quokkas
  7 ball pythons
  A ball python skeleton (D:2)
  A ball python zombie (D:2)
  6 frilled lizards
  A goblin zombie (D:9)
  2 hobgoblin zombies (D:9)
  13 kobolds
  2 orc skeletons (D:9)
  20 orc zombies (D:9)
  A quokka zombie (D:2)
  4 rats
418 creatures vanquished.

Vanquished Creatures (others)
  2 orcs (D:7)
  7 fungi
  45 plants
  A withered plant (D:2)
55 creatures vanquished.

Grand Total: 473 creatures vanquished

Notes
Turn   | Place    | Note
-------+----------+-------------------------------------------
     0 | D:1      | Goreval the Palentonga Berserker began the quest for the
                  | Orb.
     0 | D:1      | Reached XP level 1. HP: 19/19 MP: 1/1
   174 | D:1      | Reached XP level 2. HP: 24/25 MP: 2/2
   814 | D:1      | Found a faded altar of an unknown god.
  1372 | D:2      | Reached ** piety under Trog
  1378 | D:2      | Reached XP level 3. HP: 31/31 MP: 3/3
  1473 | D:2      | Noticed Terence
  1477 | D:2      | Killed Terence
  1638 | D:2      | Reached skill level 4 in Axes
  1638 | D:2      | Reached XP level 4. HP: 36/37 MP: 4/4
  2379 | D:3      | Noticed Grinder
  2455 | D:4      | Noticed a black bear
  2462 | D:4      | Killed a black bear
  2463 | D:4      | Reached XP level 5. HP: 44/44 MP: 5/5
  2561 | D:4      | Reached skill level 5 in Axes
  2641 | D:4      | Reached XP level 6. HP: 50/51 MP: 6/6
  2654 | D:4      | Found a glowing drain.
  2662 | Sewer    | Entered a sewer
  2822 | Sewer    | Noticed Pargi
  2828 | Sewer    | Killed Pargi
  2829 | Sewer    | Reached skill level 1 in Shields
  2989 | D:4      | Reached *** piety under Trog
  3338 | D:3      | Identified the +2 pair of gloves of Miracles {+Blink rN++
                  | Stlth-}
  3352 | D:3      | Noticed Sigmund
  3358 | D:3      | Killed Sigmund
  3359 | D:3      | Reached skill level 6 in Axes
  3359 | D:3      | Gained mutation: You curl defensively after being hit. (AC
                  | +7*) [Palentonga growth]
  3359 | D:3      | Reached XP level 7. HP: 58/58 MP: 7/7
  3554 | D:3      | Killed Grinder
  3695 | D:3      | Reached skill level 5 in Fighting
  4708 | D:4      | Found a runed translucent door.
  4709 | D:4      | Noticed Crazy Yiuf
  4717 | D:4      | Killed Crazy Yiuf
  4718 | D:4      | Reached XP level 8. HP: 49/66 MP: 8/8
  4820 | D:5      | Entered Level 5 of the Dungeon
  4884 | D:5      | Reached skill level 7 in Axes
  4984 | D:5      | Found a sand-covered staircase.
  4994 | Ossuary  | Entered an ossuary
  5325 | D:6      | Reached skill level 8 in Axes
  5537 | D:6      | Reached **** piety under Trog
  5538 | D:6      | Reached XP level 9. HP: 28/73 MP: 9/9
  6695 | D:6      | Found a sparkling altar of Nemelex Xobeh.
  6820 | D:6      | Found a staircase to the Ecumenical Temple.
  6961 | D:6      | Found a shimmering altar of Xom.
  7351 | D:6      | Found a blossoming altar of Fedhas.
  7557 | D:7      | Reached skill level 5 in Armour
  7701 | D:7      | Found a white marble altar of Elyvilon.
  7766 | D:7      | Found a shimmering blue altar of Sif Muna.
  7809 | D:7      | Reached skill level 9 in Axes
  8581 | D:7      | Reached skill level 5 in Shields
  8585 | D:7      | Reached ***** piety under Trog
  8985 | D:7      | Reached XP level 10. HP: 69/84 MP: 10/10
  9803 | D:8      | Reached skill level 10 in Axes
 10626 | D:8      | Found an iron altar of Okawaru.
 11514 | D:9      | Found a staircase to the Orcish Mines.
 12016 | D:10     | Entered Level 10 of the Dungeon
 12044 | D:10     | Reached skill level 11 in Axes
 12305 | D:10     | Reached XP level 11. HP: 87/93 MP: 11/11
 12426 | D:10     | Found a hide-covered altar of Uskayaw.
 12578 | D:10     | Found a staircase to the Lair.
 12608 | D:10     | Noticed a soul eater
 12849 | D:10     | Received a gift from Trog
 12863 | D:10     | Reached skill level 12 in Axes
 13265 | D:11     | Identified a scroll of acquirement
 13265 | D:11     | Acquired a manual of Fighting
 13417 | D:11     | Noticed a purple ugly thing
 13431 | D:11     | Killed a purple ugly thing
 13588 | D:11     | Found a radiant altar of Vehumet.
 13803 | D:11     | Noticed Grum
 13828 | D:11     | Killed Grum
 13941 | D:11     | Noticed Erolcha
 13954 | D:11     | Killed Erolcha
 14305 | D:11     | Noticed a skeletal warrior
 14305 | D:11     | Noticed a skeletal warrior
 14305 | D:11     | Noticed a skeletal warrior
 14305 | D:11     | Noticed a skeletal warrior
 14350 | D:11     | Killed a skeletal warrior
 14365 | D:11     | Killed a skeletal warrior
 14415 | D:11     | Killed a skeletal warrior
 14433 | D:11     | Killed a skeletal warrior
 14436 | D:11     | Noticed a two-headed ogre
 14452 | D:11     | Killed a two-headed ogre
 14670 | D:11     | Noticed an eight-headed hydra
 14687 | D:11     | Killed a one-headed hydra
 14688 | D:11     | Reached XP level 12. HP: 66/103 MP: 12/12
 14956 | D:11     | Reached skill level 10 in Fighting
 14992 | D:11     | Noticed Erica
 15018 | D:11     | Killed Erica
 15019 | D:11     | Reached skill level 13 in Axes
 15332 | Lair:1   | Entered Level 1 of the Lair of Beasts
 15516 | Lair:1   | Noticed a seven-headed hydra
 15528 | Lair:1   | Killed a one-headed hydra
 16983 | Lair:2   | Received a gift from Trog
 17543 | Lair:2   | Reached skill level 14 in Axes
 17735 | Lair:2   | Found a hole to the Spider Nest.
 18272 | Lair:3   | Found a frozen archway.
 18272 | Lair:3   | Noticed a seven-headed hydra
 18289 | Lair:3   | Killed a two-headed hydra
 18293 | Lair:3   | Reached XP level 13. HP: 62/113 MP: 13/13
 18317 | IceCv    | Entered an ice cave
 18331 | IceCv    | Mangled by a death yak simulacrum

Illustrated notes

Levels and vault maps discovered:
D:1:      amcnicky_arrival_feature_with_door, layout_basic,
          ebering_ecumenical_altar_abandoned, hangedman_decor_clover_reticule,
          minmay_tetromino_t2
D:2:      layout_loops_corners, serial_undead, serial_undead_b, serial_undead_c,
          serial_undead_f, serial_undead_c, uniq_terence
D:3:      minmay_general_purpose_star, layout_basic,
          minmay_randomly_rotated_circles, uniq_sigmund, uniq_grinder
D:4:      layout_basic, lightli_sewer_entry_pipes, chequers_garden,
          uniq_crazy_yiuf_cottage
D:5:      layout_basic, nicolae_ossuary_entry_monument
D:6:      layout_basic, lemuel_coloured_pillars_altar, xom_butterflies,
          mainiacjoe_overflow_24_doors, minmay_temple_entry_glassed_door,
          roderic_lattice_a
D:7:      kennysheep_seaside_town, layout_rooms, lemuel_doored_altar,
          mainiacjoe_overflow_six_doors_small, grunt_ministairs_2
D:8:      layout_cave_pods, okawaru_altar_gauntlet_db, hex_medium
D:9:      layout_basic, zombieorc2_lemuel
D:10:     layout_cave_pools, amcnicky_altar_gilded, minmay_lair_entry_grove,
          evilmike_butchery
D:11:     layout_roguey, vehumet_crystals, uniq_grum, uniq_erolcha, uniq_erica
D:12:     layout_rooms
Lair:1:   beast_lair_carwin_large_2, layout_regular_city, grunt_megastairs_2
Lair:2:   layout_loops_ring, hellmonk_spider_entry_life_and_decay,
          grunt_megastairs_5, serial_bayou_shore_b, serial_bayou_shore_a
Lair:3:   layout_long_grid, minmay_shoals_entry_beasts,
          portal_ice_cave_entry_imps, lemuel_fruit_fields, lemuel_fruit_tree
IceCv:    ice_cave_small_necro

Skill      XL: |  1  2  3  4  5  6  7  8  9 10 11 12 |
---------------+-------------------------------------+-----
Armour         | 2 3 4 5 6 7 8 |  8.3
Dodging        | 2 3 4 |  4.9
Axes           | 4 5 6 8 9 11 12 14 | 14.1
Fighting       | 4 5 6 7 8 9 11 | 11.5
Shields        | 1 2 4 5 6 7 8 |  8.6

Action                   |  1- 3 |  4- 6 |  7- 9 | 10-12 | 13-15 || total
-------------------------+-------+-------+-------+-------+-------++-------
Melee: Hand axe          |    33 |       |       |   634 |    24 ||   691
       Tailslap          |     6 |     5 |    70 |   183 |     2 ||   266
       Dagger            |    42 |       |       |       |       ||    42
       Flail             |     9 |   116 |   429 |   479 |       ||  1033
       Punch             |     1 |     1 |       |       |       ||     2
Throw: Stone             |    19 |    23 |     4 |    16 |       ||    62
       Dart              |       |       |     2 |       |       ||     2
Invok: Berserk           |     1 |     4 |     6 |    14 |       ||    25
       Trog's Hand       |       |       |     1 |     7 |       ||     8
 Abil: Rolling Charge    |     2 |       |     5 |       |       ||     7
  Use: Scroll            |       |       |    11 |    18 |       ||    29
 Stab: Sleeping          |     1 |       |       |       |       ||     1
Armor: Animal skin       |    34 |       |       |       |       ||    34
       Ring mail         |     3 |    75 |   294 |   464 |     9 ||   845
Dodge: Dodged            |    42 |    52 |   205 |   225 |     3 ||   527
Block: Buckler           |       |    11 |   104 |   347 |     8 ||   470
       Reflection        |       |       |       |     1 |     1 ||     2
